 Dungeon Crawl Stone Soup version 0.20-a0-785-g17250f0 (webtiles) character file.

72187 nikopol the Peltast (level 15, -21/96 HPs)
             Began as a Gargoyle Berserker on Feb 27, 2017.
             Was the Champion of Trog.
             Demolished by Donald
             ... wielding a +6 scimitar of protection
              (29 damage)
             ... on level 2 of the Orcish Mines.
             The game lasted 01:31:14 (24059 turns).

nikopol the Peltast (Gargoyle Berserker)           Turns: 24059, Time: 01:31:16

Health: -21/96     AC: 30    Str: 24    XL:     15   Next: 39%
Magic:  0/15       EV: 13    Int:  8    God:    Trog [******]
Gold:   1521       SH: 16    Dex: 12    Spells: 14/14 levels left

rFire    + . .     SeeInvis .   W - +2 morningstar (protect)
rCold    . . .     Gourm    .   V - +0 chain mail {rF+}
rNeg     + . .     Faith    .   Q - +2 shield
rPois    ∞         Spirit   +   U - +0 helmet
rElec    +         Reflect  .   h - +1 cloak
rCorr    +         Harm     .   K - +0 pair of gloves
MR       +++..                  Z - +0 pair of boots
Stlth    ..........             j - amulet of guardian spirit
Regen    1.3/turn               (no ring)
MPRegen  0.2/turn               z - ring of resist corrosion

@: exhausted, regenerating, slowed, very slow
A: big wings, negative energy resistance 1, electricity resistance, unbreathing,
petrification resistance, rot immunity, AC +11
a: Fly, Berserk, Trog's Hand, Brothers in Arms, Burn Spellbooks, Renounce
Religion


You were on level 2 of the Orcish Mines.
You worshipped Trog.
Trog was exalted by your worship.
You were near starving.

You visited 3 branches of the dungeon, and saw 20 of its levels.

You collected 1611 gold pieces.
You spent 90 gold pieces at shops.

Inventory:

Hand Weapons
 g - the +6 dire flail "Ataub" {vamp, *Slow +Rage Str+2 Stlth+, unknown}
   (You found it on level 2 of the Lair of Beasts)

   It inflicts no extra harm, but heals its wielder when it wounds a living foe.
   It affects your strength (+2).
   It lets you go berserk.
   It may slow you when you take damage.
   It makes you more stealthy.
 W - a +2 morningstar of protection (weapon)
Missiles
 R - 7 tomahawks of dispersal (quivered)
Armour
 h - a +1 cloak (worn)
 s - a +1 ring mail of cold resistance
 K - a +0 pair of gloves (worn)
 Q - a +2 shield (worn)
 U - a +0 helmet (worn)
 V - a +0 chain mail of fire resistance (worn)
 Z - a +0 pair of boots (worn)
Jewellery
 b - the ring "Kyj Kuppay" {rElec rPois MR- AC+3 Int-3 Dex+8}
   (You found it on level 5 of the Lair of Beasts)

   [ring of protection]

   It affects your AC (+3).
   It affects your intelligence (-3).
   It affects your dexterity (+8).
   It insulates you from electricity.
   It protects you from poison.
   It affects your resistance to hostile enchantments.
 j - an amulet of guardian spirit (around neck)
 r - an uncursed ring of protection from magic
 u - an uncursed ring of protection from cold
 z - a ring of resist corrosion (left hand)
 E - an uncursed ring of protection from fire
Wands
 e - a wand of acid (7/15)
 i - a wand of polymorph (10/24)
 x - a wand of disintegration (8/24)
 I - a wand of enslavement (15/24)
Scrolls
 a - 7 scrolls of remove curse
 d - 4 scrolls of blinking
 m - a scroll of noise {unknown}
 o - 3 scrolls of fog
 t - 9 scrolls of enchant armour
 v - 4 scrolls of magic mapping
 w - 4 scrolls of fear
 y - a scroll of summoning {unknown}
 C - 6 scrolls of identify
 J - 2 scrolls of silence
 L - 4 scrolls of enchant weapon
 S - 6 scrolls of teleportation
 T - 3 scrolls of recharging
Potions
 f - 3 potions of magic
 l - 7 potions of heal wounds
 n - a potion of cancellation
 q - 3 potions of might
 B - a potion of invisibility
 F - 4 potions of haste
 M - 3 potions of agility
 N - 9 potions of curing
Comestibles
 c - 14 bread rations
 k - 5 meat rations
 p - 11 chunks of flesh
 D - 24 fruits
 G - 10 royal jellies


   Skills:
 + Level 11.9 Fighting
 * Level 14.2 Maces & Flails
 + Level 11.3 Armour
 + Level 8.9 Dodging
 * Level 15.1 Shields


You had 14 spell levels left.
You didn't know any spells.

Dungeon Overview and Level Annotations

Branches:
Dungeon (12/15)            Temple (0/1) D:5            Lair (6/6) D:11
 Shoals (0/4) Lair:4        Snake (0/4) Lair:3        Slime (0/5) Lair:6
    Orc (2/2) D:12
    Elf: Orc:2

Altars:
Dithmenos
Gozag
Ru
Wu Jian
Xom
Zin
Jiyva

Shops:
D:5 [   D:6 *   D:8 %   D:12 [

Annotations:
D:11 exclusions: ice statue and orange crystal statue
Orc:2 Donald


Innate Abilities, Weirdness & Mutations

You are resistant to torment.
Your stone body is resilient. (AC +11)
You are immune to poison.
Your large and strong wings let you fly indefinitely.
You resist negative energy. (rN+)
You are resistant to electric shocks. (rElec)
You can survive without breathing.
You are immune to petrification.
You are immune to rotting.


Message History

Your cyclops goes berserk!
You feel quite a bit more hungry.
You are near starving!
Donald hits you with a scimitar of protection.
You block the orc's attack. x2; The orc hits you but does no damage.
You block Donald's attack. Donald blocks your attack.
Donald is severely wounded.
You block the orc's attack.
Donald hits you with a scimitar of protection!
You block the orc's attack.
Your cyclops hits the orc!!
The orc dies!
Trog accepts your kill. Donald blocks your attack.
Donald is severely wounded.
Donald hits you with a scimitar of protection!!
* * * LOW HITPOINT WARNING * * *
You block the orc's attack.
Your cyclops hits Donald!
Donald hits you with a scimitar of protection!!
You die...

#.. .. #$.. #.
. #.. .##.. #
#.. ......
#.##.# $.#...
......# #.#.. .
#.#....#.#.#...
#....C@)......
##...)@†......
#..##.o).$.....
. #..........
..#.........
..#..........
#..##..........
##. #..........
. ...........


You could see Donald, an orc and a friendly cyclops (berserk).

Vanquished Creatures
  Nessos (Lair:5)
  Snorg (D:10)
  Fannar (Lair:1)
  7 hydras
  3 two-headed ogres
  5 catoblepae
  10 death yaks
  Sonja (D:11)
  A lindwurm (Lair:6)
  An orc sorcerer (Orc:1)
  A deep elf mage (D:12)
  An oklob plant (Lair:5)
  A cyclops (D:12)
  3 manticores
  2 black mambas
  6 elephants (Lair:6)
  Maurice (D:8)
  Psyche (D:8)
  A gargoyle (D:11)
  10 spiny frogs
  A rime drake (Lair:6)
  5 komodo dragons
  A polar bear (Lair:4)
  6 trolls
  A queen bee (Lair:5)
  13 blink frogs
  3 meliai
  5 slime creatures (D:12)
  12 hippogriffs
  5 dream sheep (Lair:6)
  The ghost of anet the Cutter, an amateur HaWz (D:4)
  A snapping turtle (Lair:4)
  Sigmund (D:2)
  A shadow (D:12)
  A wyvern (Lair:5)
  91 yaks
  2 water elementals (D:12)
  A wraith (D:11)
  A hungry ghost (D:9)
  A basilisk (Lair:5)
  A warg (Orc:1)
  4 nagas (Lair:3)
  15 orc warriors
  9 porcupines
  14 water moccasins
  4 ice beasts
  A black bear (D:6)
  A hornet zombie (D:12)
  A necrophage (D:10)
  4 phantoms
  3 sky beasts
  18 wolves
  5 ogres
  7 centaurs
  25 crocodiles
  4 big kobolds
  22 bullfrogs
  3 wyvern zombies
  A gnoll sergeant (Orc:1)
  A wyvern skeleton (D:10)
  6 scorpions
  34 killer bees
  13 wights
  3 howler monkeys
  5 electric eels
  9 crimson imps
  2 bullfrog zombies
  A quasit (D:6)
  A centaur zombie (D:9)
  8 hounds
  3 centaur skeletons
  8 orc priests
  8 jellies
  33 orc wizards
  4 bullfrog skeletons
  Ijyb (D:3)
  Terence (D:2)
  A hell rat (Lair:5)
  An iguana (D:5)
  Natasha (D:1)
  10 worker ants
  A hound zombie (D:11)
  2 hound skeletons (D:6)
  A worker ant zombie (D:9)
  11 gnolls
  A howler monkey zombie (D:9)
  17 adders
  2 shadow imps (D:6)
  2 adder zombies
  3 adder skeletons
  2 worms (D:2)
  A dart slug (D:1)
  5 leopard geckos
  89 orcs
  A ball python (D:3)
  8 giant cockroaches
  3 goblins
  4 hobgoblins
  4 jackals (D:4)
  4 quokkas
  8 bats
  7 frilled lizards
  22 kobolds
  A leopard gecko skeleton (D:7)
  A quokka skeleton (D:9)
  2 quokka zombies
  5 rats
  A fungus (Lair:3)
715 creatures vanquished.

Vanquished Creatures (collateral kills)
  4 oklob plants (Lair:3)
  A bullfrog (D:7)
  An orc wizard (D:7)
  A shadow imp (D:7)
  4 orcs
11 creatures vanquished.

Vanquished Creatures (others)
  3 orcs (D:11)
  A kobold (D:11)
  A bush (Lair:5)
  14 fungi
  17 plants
36 creatures vanquished.

Grand Total: 762 creatures vanquished

Notes
Turn   | Place    | Note
-------+----------+-------------------------------------------
     0 | D:1      | nikopol the Gargoyle Berserker began the quest for the Orb.
     0 | D:1      | Reached XP level 1. HP: 14/14 MP: 1/1
   150 | D:1      | Reached XP level 2. HP: 13/19 MP: 2/2
   428 | D:1      | Reached XP level 3. HP: 20/23 MP: 3/3
   825 | D:2      | Reached XP level 4. HP: 21/29 MP: 4/4
  1005 | D:2      | Reached ** piety under Trog
  1060 | D:2      | Noticed Terence
  1060 | D:2      | Noticed Natasha
  1064 | D:2      | Noticed Sigmund
  1104 | D:1      | Killed Natasha
  1104 | D:1      | Reached skill level 1 in Shields
  1399 | D:2      | Killed Terence
  1399 | D:2      | Reached XP level 5. HP: 33/33 MP: 5/5
  1451 | D:2      | Killed Sigmund
  1451 | D:2      | Reached skill level 2 in Shields
  1451 | D:2      | Reached XP level 6. HP: 39/39 MP: 6/6
  1594 | D:2      | Found a sacrificial altar of Ru.
  2001 | D:3      | Noticed Ijyb
  2018 | D:3      | Killed Ijyb
  2597 | D:4      | Reached XP level 7. HP: 41/44 MP: 7/7
  2604 | D:4      | Noticed anet's ghost (amateur HaWz)
  2625 | D:4      | Killed anet's ghost
  2625 | D:4      | Reached skill level 5 in Fighting
  2625 | D:4      | Reached skill level 3 in Shields
  3087 | D:4      | Found a shadowy altar of Dithmenos.
  3294 | D:5      | Entered Level 5 of the Dungeon
  3306 | D:5      | Reached *** piety under Trog
  3372 | D:5      | Found a staircase to the Ecumenical Temple.
  3437 | D:5      | Found Buewk's Armour Shop.
  3480 | D:5      | Reached skill level 5 in Maces & Flails
  3481 | D:5      | Found an opulent altar of Gozag.
  3596 | D:5      | Found Zin's Purification Station.
  3599 | D:5      | Found a glowing silver altar of Zin.
  3604 | D:5      | Bought a potion of curing for 90 gold pieces
  4000 | D:4      | Found an ornate altar of the Wu Jian Council.
  4096 | D:6      | Reached XP level 8. HP: 49/49 MP: 8/8
  4127 | D:6      | Reached skill level 4 in Shields
  4480 | D:5      | Reached skill level 5 in Armour
  4837 | D:6      | Reached skill level 5 in Shields
  4995 | D:6      | Found Reriuto's Assorted Antiques.
  5018 | D:6      | Noticed a troll
  5029 | D:6      | Killed a troll
  5029 | D:6      | Reached XP level 9. HP: 35/55 MP: 9/9
  5313 | D:6      | Reached skill level 6 in Shields
  5674 | D:6      | Found a shimmering altar of Xom.
  5892 | D:6      | Reached **** piety under Trog
  6538 | D:7      | Reached skill level 7 in Shields
  6759 | D:7      | Reached XP level 10. HP: 46/61 MP: 10/10
  7267 | D:7      | Reached skill level 5 in Dodging
  7514 | D:7      | Reached ***** piety under Trog
  7722 | D:8      | Noticed a two-headed ogre
  7738 | D:8      | Killed a two-headed ogre
  7738 | D:8      | Reached skill level 8 in Shields
  8013 | D:8      | Noticed Psyche
  8021 | D:8      | Noticed Maurice
  8030 | D:8      | Killed Psyche
  8194 | D:8      | Killed Maurice
  8488 | D:8      | Found Kyvunext's Food Boutique.
  9069 | D:9      | Reached skill level 9 in Shields
  9069 | D:9      | Reached XP level 11. HP: 60/68 MP: 11/11
  9615 | D:9      | Noticed a two-headed ogre
  9622 | D:9      | HP: 2/68 [two-headed ogre/giant club (18)]
  9625 | D:9      | Killed a two-headed ogre
 10057 | D:10     | Entered Level 10 of the Dungeon
 10135 | D:10     | Received a gift from Trog
 10544 | D:10     | Noticed Snorg
 10562 | D:10     | Killed Snorg
 10565 | D:10     | Reached skill level 10 in Shields
 10988 | D:10     | Reached skill level 10 in Maces & Flails
 11259 | D:11     | Found a staircase to the Lair.
 11720 | D:11     | Noticed Sonja
 11734 | D:11     | Killed Sonja
 11860 | D:11     | Reached XP level 12. HP: 76/76 MP: 12/12
 11881 | D:10     | Noticed a two-headed ogre
 11895 | D:10     | Killed a two-headed ogre
 12505 | D:11     | Reached skill level 11 in Shields
 12898 | Lair:1   | Entered Level 1 of the Lair of Beasts
 13039 | Lair:1   | Noticed Fannar
 13058 | Lair:1   | Killed Fannar
 13595 | Lair:1   | Received a gift from Trog
 13999 | Lair:2   | Noticed a five-headed hydra
 14009 | Lair:2   | Killed a five-headed hydra
 14410 | Lair:2   | Got a warped dire flail
 14848 | Lair:3   | Reached skill level 10 in Fighting
 14848 | Lair:3   | Reached XP level 13. HP: 74/82 MP: 11/13
 14902 | Lair:3   | Reached skill level 12 in Shields
 15232 | Lair:3   | Found a staircase to the Snake Pit.
 16079 | Lair:4   | Reached ****** piety under Trog
 16210 | Lair:4   | Found a staircase to the Shoals.
 17098 | Lair:5   | Got a scintillating copper ring
 17100 | Lair:5   | Identified the ring "Kyj Kuppay" {rElec rPois MR- AC+3 Int-3 Dex+8} (You found it on level 5 of the Lair of Beasts)
 17612 | Lair:5   | Noticed Nessos
 17685 | Lair:5   | Killed Nessos
 17685 | Lair:5   | Reached skill level 13 in Shields
 18098 | Lair:5   | Reached skill level 10 in Armour
 18358 | Lair:4   | Gained mutation: Your large and strong wings let you fly indefinitely. [Gargoyle growth]
 18358 | Lair:4   | Reached XP level 14. HP: 90/90 MP: 12/14
 18546 | Lair:5   | Received a gift from Trog
 19366 | Lair:6   | Entered Level 6 of the Lair of Beasts
 19397 | Lair:6   | Found a viscous altar of Jiyva.
 19397 | Lair:6   | Found a staircase to the Slime Pits.
 19800 | Lair:6   | Reached skill level 14 in Shields
 21365 | Lair:6   | Received a gift from Trog
 21375 | Lair:6   | Reached XP level 15. HP: 77/95 MP: 13/15
 22077 | D:12     | Found Conn's Armour Shoppe.
 22380 | D:12     | Reached skill level 15 in Shields
 23042 | D:12     | Found a staircase to the Orcish Mines.
 23112 | Orc:1    | Entered Level 1 of the Orcish Mines
 23120 | Orc:1    | Received a gift from Trog
 24015 | Orc:2    | Entered Level 2 of the Orcish Mines
 24021 | Orc:2    | Noticed Donald
 24059 | Orc:2    | Demolished by Donald

Vault maps used:
D:1:      scummos_arrival_simple_fountains
D:2:      old_standard_altar, kennysheep_generic_room_15, uniq_sigmund,
          uniq_terence, uniq_natasha
D:3:      minmay_misc_feat_encased, st_stairs_12, uniq_iyjb
D:4:      nicolae_overflow_hidden_temple, lemuel_round_altar, corexii_shack
D:5:      marbit_many_paths, zin_purify, minmay_temple_entry_poolview,
          serial_shops, shop, first_bread
D:6:      tgw_xom, serial_glass, glass_columns_c, glass_columns_b,
          glass_columns_c, glass_columns_a, glass_columns_a, glass_columns_a,
          serial_shops, shop
D:7:      minmay_flawed_box
D:8:      serial_shops, nicolae_shop_trees, uniq_maurice, uniq_psyche
D:10:     uniq_snorg
D:11:     minmay_separated_statues, erik_lair_island, uniq_sonja
D:12:     erik_orc_2, serial_shops, nicolae_shop_trees
Lair:1:   infiniplex_staircase_pool_2, uniq_fannar
Lair:2:   beast_lair_carwin_8
Lair:3:   guppyfry_snake_entry_island, minmay_lair_oklob_chamber,
          grunt_megastairs_3, lemuel_fruit_tree
Lair:4:   minmay_shoals_entry_hut, st_stairs_6, grunt_megastairs_4,
          lemuel_fruit_fields, infiniplex_staircase_pool
Lair:5:   regret_index_tunnel_blossom, serial_bayou_shore_a, uniq_nessos
Lair:6:   evilmike_catoblepas_cave, slime_altar_1
Orc:1:    guppyfry_library_mini
Orc:2:    grunt_orc_tribal_feast, serial_shops,
          nicolae_shop_temple_entry_statues_fountains, uniq_donald

Skill      XL: |  1  2  3  4  5  6  7  8  9 10 11 12 13 14 15 |
---------------+----------------------------------------------+-----
Dodging        | 2 3 4 5 6 7 8 |  8.9
Armour         | 3 4 5 6 7 8 9 10 11 | 11.3
Fighting       | 4 5 6 8 9 10 11 | 11.9
Shields        | 1 2 3 5 7 9 10 11 13 14 15 | 15.1
Maces & Flails | 4 5 6 7 9 10 11 12 13 14 | 14.2

Action                   |  1- 3 |  4- 6 |  7- 9 | 10-12 | 13-15 || total
-------------------------+-------+-------+-------+-------+-------++-------
Melee: Mace              |    83 |    16 |       |       |       ||    99
       Flail             |       |   148 |   551 |   574 |       ||  1273
       Morningstar       |       |       |       |   731 |  1695 ||  2426
Invok: Berserk           |     1 |     3 |     9 |     5 |     5 ||    23
       Brothers in Arms  |       |       |     1 |       |     2 ||     3
       Trog's Hand       |       |       |     1 |       |     1 ||     2
       Burn Spellbooks   |       |       |       |     2 |     1 ||     3
Evoke: Wand              |       |       |       |     1 |     1 ||     2
  Use: Scroll            |       |     2 |     8 |    19 |     1 ||    30
 Stab: Petrified         |       |       |       |       |    10 ||    10
       Petrifying        |       |       |       |       |     1 ||     1
  Eat: Chunk             |       |     5 |    19 |    36 |    31 ||    91
       Fruit             |       |     1 |     1 |       |       ||     2
       Bread ration      |       |     1 |       |       |       ||     1
       Royal jelly       |       |       |     1 |       |       ||     1
       Meat ration       |       |       |       |       |     1 ||     1
Armor: Animal skin       |    37 |    21 |       |       |       ||    58
       Scale mail        |       |    66 |   276 |   213 |       ||   555
       Chain mail        |       |       |       |   329 |   925 ||  1254
Dodge: Dodged            |    61 |    73 |   190 |   400 |   698 ||  1422
Block: Shield            |    13 |    83 |   354 |   868 |  1519 ||  2837
